AoeStats
← 平民老百姓

Nomad

503429537Analyzed
4v4 RM · 1mo ago on Aug 31, 2026· 26m 39s· 8 players
Game mode
Random Map
Map size
231×231
Population
200
Speed
Normal
Resources
Standard
Victory
Conquest
Starting age
Dark Age
Ending age
Imperial Age
RankedLock teamsTeams togetherTeam positionsShared explorationLock speedFull tech treeHidden civsTurbo modeCheats
Victory
Defeat
🇨🇳 Poles · China
1286
+11
🇨🇳 Huns · China
1231
+13
🇹🇼 Spanish · Taiwan
1214
+14
🇹🇼 Mongols · Taiwan
1191
+15
🇫🇮 Franks · Finland
1204
-15
🇫🇷 Khmer · France
1166
-13
🇬🇧 Mongols · United Kingdom
1160
-13
🇲🇽 Maya · Mexico
1136
-12
Soul Ledger
3:53 Loom
21:52 Feudal Age
24:04 Fishing Lines
27:49 Castle Age
26:17 Double-Bit Axe
adretlan
6:07 Loom
14:50 Feudal Age
18:46 Castle Age
18:19 Gold Mining
18:15 Double-Bit Axe
19:27 Scale Barding Armor
20:09 Bow Saw
Psychedelonaut
12:11 Loom
14:36 Feudal Age
16:46 Fletching
Fenrir
5:25 Loom
16:25 Feudal Age
20:40 Castle Age
18:33 Fishing Lines
19:03 Double-Bit Axe
22:31 Bow Saw
23:28 Scale Mail Armor
24:25 Forging
24:59 Gillnets
26:17 Medium Warships
Yee
8:47 Loom
14:42 Feudal Age
19:09 Castle Age
17:56 Scale Barding Armor
18:42 Horse Collar
Minneapolis
4:45 Loom
14:20 Feudal Age
16:27 Double-Bit Axe
19:18 Castle Age
19:18 Castle Age
18:37 Horse Collar
20:15 Bow Saw
20:32 Fishing Lines
21:01 Heavy Plow
24:09 Wheelbarrow
27:22 Szlachta Privileges
平民老百姓
5:21 Loom
14:43 Feudal Age
20:07 Fletching
20:04 Double-Bit Axe
20:03 Horse Collar
22:36 Castle Age
22:09 Stone Mining
24:27 Wheelbarrow
開機中
5:12 Loom
15:26 Feudal Age
23:46 Castle Age
25:59 Double-Bit Axe
26:03 Fishing Lines
Connection lost

Rejoining the realm…

Still unreachable

The connection could not be restored.

Session expired

The server has moved on; the page needs a fresh start.